[Event "Early-Titled-Tuesday-Blitz-February-20-2024"]
[Site "Chess.com"]
[Date "2024.02.20"]
[Round "5"]
[White "Matols"]
[Black "mary-sanna"]
[Result "0-1"]
[WhiteElo "2360"]
[BlackElo "2162"]
[TimeControl "180+1"]
[EndTime "8:51:18 PST"]
[Termination "mary-sanna won by resignation"]

1. d4 d5 2. c4 e6 3. Nf3 Nf6 4. g3 dxc4 5. Bg2 Bd7 6. Ne5 Bc6 7.
Nxc6 Nxc6 8. Bxc6+ bxc6 9. O-O Be7 10. e3 h5 11. Qc2 Qd5 12. Nd2 h4 13. Qxc4 hxg3 14. fxg3 Ng4 15. Nf3 Qxc4 0-1

[Event "Early-Titled-Tuesday-Blitz-February-20-2024"]
[Site "Chess.com"]
[Date "2024.02.20"]
[Round "5"]
[White "Jojo_898"]
[Black "jens1102"]
[Result "0-1"]
[WhiteElo "2462"]
[BlackElo "2715"]
[TimeControl "180+1"]
[EndTime "8:51:20 PST"]
[Termination "jens1102 won by resignation"]

1. e4 e5 2. Nf3 Nc6 3. Bc4 Nf6 4. d3 Be7 5. O-O O-O 6. h3 h6 7. Be3 a6 8. a4 d5 9. exd5 Nxd5 10. Qe2 Be6 11.
Bd2 Qd7 12. Nxe5 Nxe5 13. Qxe5 Bf6 14. Qg3 Bxb2 15. Ra2 Bf6 16. Bxh6 Nb4 17. Ra3 Nxc2 18. Rb3 Nd4 19. Rxb7 Ne2+ 0-1

[Event "Early-Titled-Tuesday-Blitz-February-20-2024"]
[Site "Chess.com"]
[Date "2024.02.20"]
[Round "5"]
[White "Kostya0705"]
[Black "alpope"]
[Result "0-1"]
[WhiteElo "2612"]
[BlackElo "2511"]
[TimeControl "180+1"]
[EndTime "8:51:23 PST"]
[Termination "alpope won by resignation"]

1. e4 g6 2. d4 Bg7 3. Nc3 d6 4. h4 h6 5. Be3 a6 6. g4 b5 7.
a3 Bb7 8. Bg2 Nd7 9. g5 hxg5 10.
Bxg5 c5 11. dxc5 Nxc5 12. Qd2 Nf6 13. O-O-O Nfxe4 14. Nxe4 Bxe4 15. Nf3 Nb3+ 0-1

[Event "Early-Titled-Tuesday-Blitz-February-20-2024"]
[Site "Chess.com"]
[Date "2024.02.20"]
[Round "5"]
[White "Preobrazhenska_D2011"]
[Black "C_K_G"]
[Result "1-0"]
[WhiteElo "2381"]
[BlackElo "2165"]
[TimeControl "180+1"]
[EndTime "8:51:50 PST"]
[Termination "Preobrazhenska_D2011 won by resignation"]

1. e4 c5 2. Nf3 d6 3. d4 cxd4 4. Nxd4 Nf6 5. Nc3 a6 6. Bg5 e6 7. f4 Nbd7 8. Qf3 Qc7 9. O-O-O Be7 10. g4 b5 11. Bxf6 Nxf6 12. g5 Nd7 13. f5 b4 14.
fxe6 bxc3 15. exf7+ 1-0

[Event "Early-Titled-Tuesday-Blitz-February-20-2024"]
[Site "Chess.com"]
[Date "2024.02.20"]
[Round "5"]
[White "zajka-molotok"]
[Black "sotochess"]
[Result "0-1"]
[WhiteElo "2499"]
[BlackElo "2629"]
[TimeControl "180+1"]
[EndTime "8:52:15 PST"]
[Termination "sotochess won by resignation"]

1. e4 d5 2. exd5 Qxd5 3. Nc3 Qa5 4. d4 c6 5. Nf3 Nf6 6. Bc4 Bg4 7. h3 Bh5 8. g4 Bg6 9. Ne5 Nbd7 10. f4 Nxe5 11. dxe5 Ne4 12. f5 Nxc3 13. Qd2 Qxe5+ 14. Qe3 Qxe3+ 15.
Bxe3 Bxf5 16. gxf5 Ne4 17. O-O-O Ng3 18. Rhe1 Nxf5 19.
Bc5 e6 20. Bf2 Bb4 21. c3 Be7 22. Bd3 g6 23. h4 Bxh4 0-1

[Event "Early-Titled-Tuesday-Blitz-February-20-2024"]
[Site "Chess.com"]
[Date "2024.02.20"]
[Round "5"]
[White "guillembaches"]
[Black "le-castor-faineant"]
[Result "1-0"]
[WhiteElo "2526"]
[BlackElo "2284"]
[TimeControl "180+1"]
[EndTime "8:52:16 PST"]
[Termination "guillembaches won by resignation"]

1. e4 e5 2. Nf3 Nf6 3. Nc3 Nc6 4.
d4 Bb4 5. Nxe5 Nxe4 6. Qg4 Nxc3 7. Qxg7 Rf8 8. a3 Nd5+ 9. axb4 d6 10. Bh6 Qe7 11.
Qxf8+ Qxf8 12. Bxf8 Kxf8 13. Nxc6 bxc6 14. c3 Bf5 15.
Kd2 Nb6 16. Bd3 Be6 17. Ra5 Nd5 18. Rha1 Nf4 19. g3 Nh3 20. f4 1-0

[Event "Early-Titled-Tuesday-Blitz-February-20-2024"]
[Site "Chess.com"]
[Date "2024.02.20"]
[Round "5"]
[White "Saxar85"]
[Black "bipe137"]
[Result "1-0"]
[WhiteElo "2723"]
[BlackElo "2518"]
[TimeControl "180+1"]
[EndTime "8:52:21 PST"]
[Termination "Saxar85 won by resignation"]

1. e4 c5 2. Nf3 e6 3. Nc3 Nc6 4. Bb5 Nge7 5. O-O a6 6. Bxc6 Nxc6 7. d4 cxd4 8. Nxd4 Qc7 9. Re1 Be7 10. Nxc6 dxc6 11. e5 O-O 12. Qg4 Kh8 13. Bf4 c5 14. Re3 Bd7 15. Rh3 g6 16. Ne4 h5 17. Rxh5+ gxh5 18. Qxh5+ Kg8 19. Qg4+ Kh8 20. Nf6 1-0

[Event "Early-Titled-Tuesday-Blitz-February-20-2024"]
[Site "Chess.com"]
[Date "2024.02.20"]
[Round "5"]
[White "HittingRookBottom"]
[Black "AniJak"]
[Result "0-1"]
[WhiteElo "2040"]
[BlackElo "2329"]
[TimeControl "180+1"]
[EndTime "8:52:23 PST"]
[Termination "AniJak won by resignation"]

1. e4 Nf6 2. Nc3 d5 3. exd5 Nxd5 4. Nxd5 Qxd5 5. Nf3 Bg4 6. Be2 c5 7. h3 Bh5 8. d3 Nc6 9. Bf4 e5 10. Bg3 Bd6 11. Qd2 O-O 12. O-O Rad8 13. Qd1 Bb8 14. c4 Qd6 15. Qb3 b6 16. Rfe1 Rfe8 17. Rad1 Bxf3 18.
Bxf3 Nd4 19. Qc2 Nxc2 0-1

[Event "Early-Titled-Tuesday-Blitz-February-20-2024"]
[Site "Chess.com"]
[Date "2024.02.20"]
[Round "5"]
[White "Zohid6"]
[Black "artooon"]
[Result "0-1"]
[WhiteElo "2869"]
[BlackElo "3054"]
[TimeControl "180+1"]
[EndTime "8:52:32 PST"]
[Termination "artooon won by resignation"]

1. e4 e5 2. Nf3 Nc6 3. Bb5 a6 4. Ba4 Nge7 5. O-O Ng6 6. c3 d5 7. exd5 Qxd5 8. d4 Bg4 9. c4 Qxc4 10. d5 Bxf3 11. gxf3 O-O-O 12. Bb3 Qh4 13. Nc3 Nd4 14. Kh1 Qh3 15. f4 Nf3 0-1

[Event "Early-Titled-Tuesday-Blitz-February-20-2024"]
[Site "Chess.com"]
[Date "2024.02.20"]
[Round "5"]
[White "Lion-Al-Messi"]
[Black "mertfelin"]
[Result "1-0"]
[WhiteElo "2543"]
[BlackElo "2343"]
[TimeControl "180+1"]
[EndTime "8:52:43 PST"]
[Termination "Lion-Al-Messi won by resignation"]

1. e4 e5 2. Nf3 Nc6 3. Bb5 a6 4.
Ba4 Nf6 5. O-O d6 6. c3 Bd7 7. d4 Nxe4 8. Re1 Nf6 9. Bxc6 Bxc6 10. dxe5 dxe5 11. Qxd8+ Rxd8 12. Nxe5 Be7 13. Nxc6 bxc6 14. Bf4 Nd5 15. Bg3 Rd7 16. Na3 f6 17. Re6 Kf7 18. Rxc6 Rb8 19. Nc4 a5 20. h3 a4 21. Re1 a3 22. bxa3 Ra8 23. Rd1 Rad8 24. Ne3 Nxc3 25. Rxd7 Ne2+ 26. Kh2 Rxd7 27. Rxc7 Rd2 28. Nf5 Ke6 29.
Nxe7 1-0

[Event "Early-Titled-Tuesday-Blitz-February-20-2024"]
[Site "Chess.com"]
[Date "2024.02.20"]
[Round "5"]
[White "Goryachkina"]
[Black "patzersame"]
[Result "1-0"]
[WhiteElo "2705"]
[BlackElo "2396"]
[TimeControl "180+1"]
[EndTime "8:52:46 PST"]
[Termination "Goryachkina won by resignation"]

1. e4 e5 2. Bc4 Nf6 3. d3 c6 4. Nf3 d5 5. Bb3 Bd6 6. exd5 cxd5 7. Nc3 e4 8. dxe4 dxe4 9. Ng5 O-O 10. O-O Bf5 11.
Nb5 Be5 12. Qxd8 Rxd8 13. Nxf7 Rd5 14. Nxe5 1-0

[Event "Early-Titled-Tuesday-Blitz-February-20-2024"]
[Site "Chess.com"]
[Date "2024.02.20"]
[Round "5"]
[White "AlexTruskavetsky"]
[Black "ATM622"]
[Result "1-0"]
[WhiteElo "2719"]
[BlackElo "2498"]
[TimeControl "180+1"]
[EndTime "8:53:06 PST"]
[Termination "AlexTruskavetsky won by resignation"]

1. d4 Nf6 2. c4 e6 3. Nc3 Bb4 4. e3 O-O 5. a3 Bxc3+ 6. bxc3 d5 7. cxd5 exd5 8. Bd3 Bg4 9. f3 Bh5 10. Ne2 Bg6 11.
O-O Nbd7 12. Rb1 Rb8 13. Ng3 c5 14. e4 cxd4 15. cxd4 Nh5 16. Nxh5 Bxh5 17. e5 Bg6 18. f4 Bxd3 19. Qxd3 f5 20. g4 Qh4 21. gxf5 Qg4+ 22. Kh1 Rxf5 23. Rg1 Qh5 24. Bd2 b5 25. Rg3 a6 26. a4 h6 27. Rbg1 Nf8 28. Rxg7+ Kh8 29. Rg8+ 1-0

[Event "Early-Titled-Tuesday-Blitz-February-20-2024"]
[Site "Chess.com"]
[Date "2024.02.20"]
[Round "5"]
[White "Shield12"]
[Black "Tocras"]
[Result "1-0"]
[WhiteElo "2974"]
[BlackElo "2712"]
[TimeControl "180+1"]
[EndTime "8:53:11 PST"]
[Termination "Shield12 won by resignation"]

1. e4 c5 2. Nf3 Nc6 3. Bb5 e6 4. Bxc6 bxc6 5. d3 Ne7 6. Ng5 f6 7. Nh3 d5 8. O-O Ng6 9. f4 Bd6 10. c4 O-O 11. Qe2 f5 12. e5 Be7 13. Nc3 Nh8 14. Na4 Nf7 15. b3 h6 16. Ba3 g5 17.
Bxc5 dxc4 18. dxc4 Bxc5+ 19. Nxc5 Qd4+ 20. Qf2 Qxf2+ 21. Kxf2 gxf4 22. Rfe1 Ng5 23. Nxf4 Ne4+ 24. Nxe4 fxe4 25. Rxe4 c5 26. g3 Bb7 27. Ree1 1-0

[Event "Early-Titled-Tuesday-Blitz-February-20-2024"]
[Site "Chess.com"]
[Date "2024.02.20"]
[Round "5"]
[White "ChessLover0108"]
[Black "sofaceindisguise"]
[Result "1-0"]
[WhiteElo "2967"]
[BlackElo "2672"]
[TimeControl "180+1"]
[EndTime "8:53:24 PST"]
[Termination "ChessLover0108 won by resignation"]

1. Nf3 d5 2. d4 e6 3. e3 Nf6 4.
Bd3 Be7 5. O-O O-O 6. b3 b6 7.
Bb2 Bb7 8. Nbd2 Nbd7 9. Qe2 c5 10. e4 dxe4 11. Nxe4 cxd4 12. Bxd4 Nxe4 13. Bxe4 Bxe4 14. Qxe4 Bf6 15. Rad1 Qc7 16. c4 Bxd4 17. Rxd4 Nf6 18. Qe3 Rfd8 19. Rfd1 Rxd4 20. Qxd4 h6 21. Ne5 Rc8 22. h4 Qe7 23. g4 Nh7 24. Qd7 Qxd7 25. Rxd7 Rc5 26. Rd8+ 1-0

[Event "Early-Titled-Tuesday-Blitz-February-20-2024"]
[Site "Chess.com"]
[Date "2024.02.20"]
[Round "5"]
[White "Shuvalov"]
[Black "LuisFSiles"]
[Result "0-1"]
[WhiteElo "2526"]
[BlackElo "2315"]
[TimeControl "180+1"]
[EndTime "8:53:26 PST"]
[Termination "LuisFSiles won on time"]

1. d4 Nf6 2. c4 g6 3. Nc3 d5 4.
cxd5 Nxd5 5. e4 Nxc3 6. bxc3 Bg7 7. Nf3 c5 8. Bb5+ Nd7 9. Rb1 O-O 10. O-O Qc7 11. Be3 b6 12. Qd2 Nf6 13. Bd3 Bb7 14. d5 c4 15. Bc2 Rad8 16. Nd4 e5 0-1

[Event "Early-Titled-Tuesday-Blitz-February-20-2024"]
[Site "Chess.com"]
[Date "2024.02.20"]
[Round "5"]
[White "jodarmarlon1985"]
[Black "maurovargas01"]
[Result "1-0"]
[WhiteElo "2190"]
[BlackElo "1875"]
[TimeControl "180+1"]
[EndTime "8:53:27 PST"]
[Termination "jodarmarlon1985 won on time"]

1. e4 c5 2. Nf3 a6 3. c4 d6 4. d4 cxd4 5. Nxd4 Bd7 6. Nc3 Nc6 7. Be3 g6 8. Be2 Bg7 9. O-O Rc8 10. Rc1 Nf6 11. Qd2 O-O 12. f3 Ne5 13. b3 Qe8 14. Nd5 b5 15. Nb6 bxc4 16. Nxc8 Bxc8 17. bxc4 Bd7 18. c5 dxc5 19. Rxc5 Qb8 20. Rfc1 1-0

[Event "Early-Titled-Tuesday-Blitz-February-20-2024"]
[Site "Chess.com"]
[Date "2024.02.20"]
[Round "5"]
[White "Actuary44"]
[Black "wqws"]
[Result "0-1"]
[WhiteElo "2513"]
[BlackElo "2674"]
[TimeControl "180+1"]
[EndTime "8:53:32 PST"]
[Termination "wqws won by resignation"]

1. e4 e5 2. d4 exd4 3. c3 dxc3 4. Bc4 cxb2 5. Bxb2 d5 6. Bxd5 Nf6 7. Bxf7+ Kxf7 8. Qxd8 Bb4+ 9. Qd2 Bxd2+ 10. Nxd2 Re8 11. f3 c5 12. Ne2 Be6 13. Kf2 Nc6 14. Rhc1 Nb4 15.
Nf4 Rad8 16. Ke2 b6 17. a3 Nc6 18. Nc4 Bc8 19. Rd1 Ba6 20. Rxd8 Rxd8 21. Rc1 Na5 22. Bxf6 gxf6 23. Kf2 Nxc4 24. a4 Ne5 25. Ke3 Rd4 26. a5 Nd3 27. Ra1 Nxf4 28. Kxf4 b5 29. Rc1 c4 30. Ke3 Rd3+ 31. Kf4 b4 0-1

[Event "Early-Titled-Tuesday-Blitz-February-20-2024"]
[Site "Chess.com"]
[Date "2024.02.20"]
[Round "5"]
[White "Kostukov_Alex"]
[Black "CristianS27"]
[Result "0-1"]
[WhiteElo "2353"]
[BlackElo "2553"]
[TimeControl "180+1"]
[EndTime "8:53:39 PST"]
[Termination "CristianS27 won by resignation"]

1. g3 Nf6 2. Bg2 g6 3. c4 Bg7 4.
Nf3 O-O 5. d4 d6 6. O-O Nc6 7.
Nc3 a6 8. h3 Bd7 9. e4 e5 10. Be3 exd4 11. Nxd4 Re8 12. Rc1 Qc8 13. g4 Ne5 14. Nd5 Nxd5 15. cxd5 c5 16. dxc6 Nxc6 17. Nxc6 Bxc6 18. Qd2 Qe6 19. Bd4 Bxe4 20. Rfe1 Qd5 21. Bc3 Bxg2 0-1

[Event "Early-Titled-Tuesday-Blitz-February-20-2024"]
[Site "Chess.com"]
[Date "2024.02.20"]
[Round "5"]
[White "mestrefeitosa19"]
[Black "RCone"]
[Result "1-0"]
[WhiteElo "2250"]
[BlackElo "2413"]
[TimeControl "180+1"]
[EndTime "8:53:40 PST"]
[Termination "mestrefeitosa19 won by resignation"]

1. c4 d6 2. Nc3 Nf6 3. d4 g6 4. e4 Bg7 5. Nf3 O-O 6. Be2 Na6 7. O-O e5 8. h3 Qe8 9. Be3 exd4 10. Bxd4 Nxe4 11.
Bxg7 Kxg7 12. Qd4+ Nf6 13. Rfe1 Be6 14. Nh2 Qd8 15.
Bg4 Re8 16. Bxe6 fxe6 17. Rad1 e5 18. Qd2 Qe7 19. f4 e4 20. Qd4 Kg8 21. Ng4 Nxg4 22. hxg4 Nc5 23. Nd5 Qf7 24. Nf6+ Kf8 25. b4 Nd3 26. Rxd3 exd3 27. Nxe8 Rxe8 28. Qh8+ Qg8 29. Rxe8+ Kxe8 30. Qxg8+ Ke7 31. Qd5 d2 32. Qxd2 1-0

[Event "Early-Titled-Tuesday-Blitz-February-20-2024"]
[Site "Chess.com"]
[Date "2024.02.20"]
[Round "5"]
[White "2KTNGO"]
[Black "Larina_Maria"]
[Result "1-0"]
[WhiteElo "2525"]
[BlackElo "2281"]
[TimeControl "180+1"]
[EndTime "8:53:45 PST"]
[Termination "2KTNGO won by resignation"]

1. d4 f5 2. Nf3 Nf6 3. c4 g6 4. Nc3 Bg7 5. g3 O-O 6. Bg2 d6 7. d5 a5 8. Nd4 Na6 9. O-O Nc5 10. b3 Bd7 11. Bb2 Qe8 12. Ncb5 Qc8 13. Rb1 e5 14. dxe6 Nxe6 15. Nxe6 Bxe6 16. Nd4 Bf7 17. Qc2 Re8 18. e3 Ne4 19. Rfd1 c6 20. Ne2 Qc7 21.
Bxg7 Kxg7 22. Qb2+ Kg8 23. Nc3 Nc5 24. Rd2 Rad8 25. Rbd1 Rd7 26. h4 Red8 27. h5 Ne6 28. h6 g5 29. Ne2 Bg6 30. Qf6 Rf8 31. Qxe6+ Bf7 32. Qxf5 1-0

[Event "Early-Titled-Tuesday-Blitz-February-20-2024"]
[Site "Chess.com"]
[Date "2024.02.20"]
[Round "5"]
[White "DarZay"]
[Black "Cubitas"]
[Result "0-1"]
[WhiteElo "2302"]
[BlackElo "2645"]
[TimeControl "180+1"]
[EndTime "8:53:46 PST"]
[Termination "Cubitas won by resignation"]

1. e4 c5 2. f4 d6 3. Nf3 g6 4.
d4 Bg7 5. dxc5 Qa5+ 6. Bd2 Qxc5 7. Nc3 Nf6 8. Bb5+ Bd7 9. Bxd7+ Nbxd7 10. Qe2 O-O 11.
Be3 Qb4 12. Bd4 e5 13. a3 Qa5 14. b4 Qc7 15. fxe5 dxe5 16. Nb5 Qc6 17. Bb2 Nxe4 18.
c4 Rfc8 19. Rc1 a6 20. Nc3 Nxc3 21. Bxc3 Qxc4 22. Qxc4 Rxc4 23. Nd2 Rc6 24. O-O Rac8 25. Bb2 f5 26. Rxc6 Rxc6 27. Nb3 Rc2 28. Bc1 e4 29. Na5 b6 30. Nb7 Bd4+ 31. Kh1 Ne5 32. Rd1 Nd3 0-1

[Event "Early-Titled-Tuesday-Blitz-February-20-2024"]
[Site "Chess.com"]
[Date "2024.02.20"]
[Round "5"]
[White "ajedrezsinlimites"]
[Black "Perecke"]
[Result "1-0"]
[WhiteElo "2632"]
[BlackElo "2506"]
[TimeControl "180+1"]
[EndTime "8:53:48 PST"]
[Termination "ajedrezsinlimites won by resignation"]

1. e4 c5 2. Nf3 e6 3. d4 cxd4 4.
Nxd4 a6 5. g3 Nf6 6. Bg2 Qc7 7.
O-O d6 8. Nc3 Be7 9. a4 Nbd7 10.
a5 O-O 11. h3 Rb8 12. Nb3 b6 13. axb6 Nxb6 14. Na5 Nc4 15. Nb3 Bb7 16. Kh2 Rfd8 17.
Qe2 Ra8 18. Ra4 Nb6 19. Ra5 Nc4 20. Ra4 Nb6 21. Ra2 Nc4 22. Rd1 a5 23. Nb5 Qc6 24.
N3d4 Qc5 25. b3 Nb6 26. Ba3 Qc8 27. e5 Bxg2 28. exf6 Bxf6 29. Kxg2 Qb7+ 30. Qf3 Nd5 31. c4 1-0

[Event "Early-Titled-Tuesday-Blitz-February-20-2024"]
[Site "Chess.com"]
[Date "2024.02.20"]
[Round "5"]
[White "DavidGavrilescu18"]
[Black "ACollins05"]
[Result "1-0"]
[WhiteElo "2769"]
[BlackElo "2567"]
[TimeControl "180+1"]
[EndTime "8:53:52 PST"]
[Termination "DavidGavrilescu18 won by checkmate"]

1. e4 c5 2. Nf3 d6 3. d4 cxd4 4. Qxd4 Nc6 5. Qe3 Nf6 6. Be2 g6 7. O-O Bg7 8. Rd1 O-O 9. h3 Qb6 10. Qxb6 axb6 11. Nc3 Be6 12. a3 Rfc8 13. Be3 Nd7 14.
Nd4 Nxd4 15. Bxd4 Nc5 16. Bxg7 Kxg7 17. Rd4 Nd7 18. Rad1 Ne5 19. Rb4 Bc4 20. Bxc4 Nxc4 21. Rd4 Nxb2 22. Nd5 Rxc2 23. Nxe7 Rxa3 24. Rxb6 Ra1+ 25.
Kh2 Rxf2 26. Rxb7 Ra2 27. Kg3 Rc2 28. Rb8 Nc4 29. Kh4 Rxg2 30. Rxc4 Ra3 31. Rg8+ Kf6 32. Nd5+ Ke5 33. Re8# 1-0

[Event "Early-Titled-Tuesday-Blitz-February-20-2024"]
[Site "Chess.com"]
[Date "2024.02.20"]
[Round "5"]
[White "karinachess1"]
[Black "nicolasbatista3"]
[Result "1-0"]
[WhiteElo "2664"]
[BlackElo "2417"]
[TimeControl "180+1"]
[EndTime "8:53:52 PST"]
[Termination "karinachess1 won by checkmate"]

1. d4 d5 2. c4 c6 3. Nf3 Nf6 4. g3 e6 5. Bg2 Be7 6. Nc3 O-O 7. Qd3 b6 8. b3 Ba6 9. O-O Nbd7 10. e4 b5 11. cxd5 cxd5 12. e5 Ne4 13. Nxe4 dxe4 14.
Qxe4 b4 15. Rd1 Nb6 16. h4 h6 17. Qg4 Kh8 18. Qh5 Be2 19. Bxh6 Bxd1 20. Rxd1 Kg8 21.
Qg4 g6 22. h5 g5 23. Nxg5 Kh8 24. Nxe6 Rg8 25. Bg7+ Kh7 26. Qf5# 1-0

[Event "Early-Titled-Tuesday-Blitz-February-20-2024"]
[Site "Chess.com"]
[Date "2024.02.20"]
[Round "5"]
[White "IndianSchoolOfSuffering"]
[Black "IM_ArthurDW08"]
[Result "0-1"]
[WhiteElo "2438"]
[BlackElo "2779"]
[TimeControl "180+1"]
[EndTime "8:53:58 PST"]
[Termination "IM_ArthurDW08 won by checkmate"]

1. Nf3 a6 2. d4 g6 3. e4 Bg7 4. Bc4 b5 5. Bb3 Bb7 6. Qe2 d6 7. c3 Nd7 8. Bxf7+ Kxf7 9. Ng5+ Ke8 10. Ne6 Qb8 11. Nxg7+ Kf7 12. Nh5 gxh5 13. Qxh5+ Kf8 14. e5 Qe8 15. Bh6+ Nxh6 16. Qxh6+ Kg8 17. Qe6+ Kg7 18. Nd2 Nf8 19. Qh3 Ng6 20. O-O-O Qf7 21. e6 Qf6 22. Nf3 Qf4+ 23. Kb1 Be4+ 24. Ka1 Bf5 25. Qg3 Qxg3 26. hxg3 Bxe6 27. Rhe1 Bg4 28. Re4 Bxf3 29. gxf3 Rhf8 30. f4 e5 31. dxe5 dxe5 32. fxe5 Rad8 33. f4 Rxd1# 0-1

[Event "Early-Titled-Tuesday-Blitz-February-20-2024"]
[Site "Chess.com"]
[Date "2024.02.20"]
[Round "5"]
[White "Agentxya"]
[Black "Casper"]
[Result "0-1"]
[WhiteElo "2230"]
[BlackElo "2535"]
[TimeControl "180+1"]
[EndTime "8:53:59 PST"]
[Termination "Casper won by resignation"]

1. e4 g6 2. d4 Bg7 3. Nc3 d6 4. Be3 Nd7 5. Qd2 a6 6. O-O-O b5 7. f4 Nb6 8. Bd3 c6 9. Nf3 Nc4 10. Bxc4 bxc4 11. d5 c5 12. Ne2 Rb8 13. c3 Qa5 14. a3 Nf6 15. Ng3 O-O 16. h3 Nd7 17. e5 dxe5 18.
fxe5 Nxe5 19. Nxe5 Bxe5 20. Ne4 Bf5 21. Nxc5 Qxa3 22.
Qe2 Bxc3 0-1

[Event "Early-Titled-Tuesday-Blitz-February-20-2024"]
[Site "Chess.com"]
[Date "2024.02.20"]
[Round "5"]
[White "N_I_Chess"]
[Black "Ali_rastbod"]
[Result "0-1"]
[WhiteElo "2306"]
[BlackElo "2693"]
[TimeControl "180+1"]
[EndTime "8:54:01 PST"]
[Termination "Ali_rastbod won by resignation"]

1. d4 d6 2. c4 e5 3. e3 Nf6 4. Nc3 Bf5 5. Bd3 Bxd3 6. Qxd3 Nc6 7. Nge2 Be7 8. O-O O-O 9. a3 Re8 10. d5 Nb8 11. Ng3 a5 12. e4 Nbd7 13. Nf5 Bf8 14.
Qg3 g6 15. Nh6+ Bxh6 16. Bxh6 Nh5 17. Qe3 a4 18. g4 Nf4 19. Bxf4 exf4 20. Qxf4 Nc5 21.
Rad1 Qh4 22. f3 f5 23. gxf5 Qxf4 0-1

[Event "Early-Titled-Tuesday-Blitz-February-20-2024"]
[Site "Chess.com"]
[Date "2024.02.20"]
[Round "5"]
[White "pauliukevicius"]
[Black "Predo63"]
[Result "1/2-1/2"]
[WhiteElo "2344"]
[BlackElo "2535"]
[TimeControl "180+1"]
[EndTime "8:54:04 PST"]
[Termination "Game drawn by repetition"]

1. e4 c6 2. d4 d5 3. Nc3 dxe4 4. Nxe4 Bf5 5. Ng3 Bg6 6. Nh3 e6 7. Nf4 Bd6 8. h4 Bxf4 9. Bxf4 h6 10. h5 Bh7 11. Qg4 Kf8 12. c3 Nf6 13. Qd1 Nd5 14. Bd2 Nd7 15. c4 N5b6 16. Bb4+ Kg8 17. Bd3 Bxd3 18.
Qxd3 Nf6 19. O-O-O a5 20. Bc3 a4 21. Kb1 Nbd7 22. Rhe1 b5 23. cxb5 cxb5 24. Qf3 Rc8 25. Bb4 Nd5 26. Bd6 N7f6 27. Be5 a3 28. Ne4 axb2 29.
Bxf6 Nxf6 30. Nxf6+ Qxf6 31. Qxf6 gxf6 32. Kxb2 Kg7 33.
Re3 Rhd8 34. Rg3+ Kh7 35. Rdd3 f5 36. Rge3 Rc4 37. Re5 b4 38. d5 Kg7 39. dxe6 Rxd3 40.
e7 Rc8 41. e8=Q Rxe8 42. Rxe8 Rd2+ 43. Kb3 Rxf2 44. Kxb4 Rxa2 45. g3 Rg2 46. Re3 Kf6 47.
Kc4 Kg5 48. Re7 Kxh5 49. Rxf7 Rxg3 50. Rxf5+ Kg4 51. Rf8 h5 52. Kd4 Kh3 53. Ke4 h4 54.
Rh8 Rg7 55. Kf4 Rg1 56. Kf3 Rg4 57. Ra8 Rg7 58. Kf2 Kh2 59. Rf8 h3 60. Kf1 Ra7 61. Kf2 Ra2+ 62. Kf1 Kh1 63. Rf7 h2 64. Rf8 Ra1+ 65.
Kf2 Ra6 66. Rf7 Rg6 67. Rf8 Rg2+ 68. Kf1 Rg1+ 69. Kf2 Rg2+ 70. Kf1 Rg1+ 71. Kf2 Rg2+ 1/2-1/2

[Event "Early-Titled-Tuesday-Blitz-February-20-2024"]
[Site "Chess.com"]
[Date "2024.02.20"]
[Round "5"]
[White "sewlins"]
[Black "Kapitan_Bayan"]
[Result "0-1"]
[WhiteElo "2132"]
[BlackElo "2358"]
[TimeControl "180+1"]
[EndTime "8:54:04 PST"]
[Termination "Kapitan_Bayan won by resignation"]

1. e4 c5 2. Nf3 d6 3. d4 cxd4 4.
Nxd4 Nf6 5. Nc3 a6 6. Bg5 e6 7. f4 Nbd7 8. Qe2 h6 9. Bh4 Qc7 10. O-O-O b5 11. a3 Bb7 12. g4 O-O-O 13. Bg2 Be7 14.
Ndxb5 axb5 15. Nxb5 Qb6 16. Bf2 Nc5 17. b4 Ba6 18. bxc5 Qxb5 19. Qxb5 Bxb5 20. cxd6 Bxd6 21. Kb2 Bxf4 22. Bd4 Rxd4 23. Rxd4 Be5 24. c3 Bxd4 25.
cxd4 Rd8 26. Rc1+ Kb8 27. Kc3 Rc8+ 28. Kd2 0-1

[Event "Early-Titled-Tuesday-Blitz-February-20-2024"]
[Site "Chess.com"]
[Date "2024.02.20"]
[Round "5"]
[White "shimastream"]
[Black "Yan_Dyomin2010"]
[Result "1-0"]
[WhiteElo "2974"]
[BlackElo "2730"]
[TimeControl "180+1"]
[EndTime "8:54:10 PST"]
[Termination "shimastream won by resignation"]

1. e4 c5 2. Nf3 Nc6 3. c3 Nf6 4.
e5 Nd5 5. Bc4 Nb6 6. Bb3 d5 7.
exd6 Qxd6 8. O-O Be6 9. a4 Bxb3 10. Qxb3 Qd5 11. Qb5 c4 12. Na3 e6 13. a5 Bxa3 14.
Qxd5 Nxd5 15. Rxa3 O-O 16. Re1 b5 17. axb6 axb6 18. b3 cxb3 19. Rxb3 Rfb8 20. c4 b5 21. cxd5 1-0

[Event "Early-Titled-Tuesday-Blitz-February-20-2024"]
[Site "Chess.com"]
[Date "2024.02.20"]
[Round "5"]
[White "krzysztofszczurek"]
[Black "JiaHaoxiang"]
[Result "0-1"]
[WhiteElo "2488"]
[BlackElo "2623"]
[TimeControl "180+1"]
[EndTime "8:54:11 PST"]
[Termination "JiaHaoxiang won by resignation"]

1. d4 Nf6 2. Nc3 g6 3. e4 d6 4. Nf3 Bg7 5. Be2 O-O 6. Be3 c6 7. Qd2 b5 8. a3 a5 9. Bd3 Nbd7 10. Rd1 b4 11. axb4 axb4 12. Ne2 Qa5 13. O-O Bb7 14. Nc1 c5 15. Nb3 Qc7 16. e5 cxd4 17. Nfxd4 Nxe5 18. Qxb4 Nd5 19. Qd2 Nxd3 20. Qxd3 Ba6 21. Qe4 Nxe3 22. fxe3 Bxf1 23. Rxf1 e6 24. h4 d5 25. Qf3 e5 0-1

[Event "Early-Titled-Tuesday-Blitz-February-20-2024"]
[Site "Chess.com"]
[Date "2024.02.20"]
[Round "5"]
[White "Viktor_Poddubnyi"]
[Black "SaqoChess_Twitch"]
[Result "0-1"]
[WhiteElo "2286"]
[BlackElo "2639"]
[TimeControl "180+1"]
[EndTime "8:54:12 PST"]
[Termination "SaqoChess_Twitch won on time"]

1. e4 c5 2. Nf3 d6 3. d4 cxd4 4.
Nxd4 Nf6 5. Nc3 g6 6. Be3 Bg7 7.
f3 O-O 8. Qd2 Nc6 9. O-O-O d5 10. Qe1 Nxd4 11. Bxd4 Qa5 12. Kb1 dxe4 13. Nxe4 Qxe1 14.
Rxe1 Nxe4 15. Bxg7 Kxg7 16. Rxe4 Be6 17. Bd3 Rfd8 18.
Rhe1 Rd6 19. Re5 Rad8 20. Rc5 Bf5 21. Rxe7 b6 22. Rxf5 gxf5 23. Rxa7 Rg6 24. g4 fxg4 25. fxg4 Rxg4 26. b3 Rg1+ 27. Kb2 Rg2 28. Bc4 Rdd2 29. Rxf7+ Kg6 30. Ka3 Rxc2 31. Rf3 Rxa2+ 32. Kb4 Rxh2 33. Kb5 h5 34. Kxb6 h4 35. b4 Raf2 36. Rxf2 Rxf2 37. Bd5 h3 38. b5 Kf5 39. Kc7 Ke5 40. Bh1 Rf1 41.
Ba8 Rc1+ 0-1